 Dungeon Crawl Stone Soup version 0.28-a0-706-gf6f64a616a (webtiles) character file.

Game seed: 5168908661431248419

11060 marklar909 the Basher (level 11, -1/93 HPs)
             Began as a Palentonga Fighter on Oct 25, 2021.
             Was a Priest of Makhleb.
             Succumbed to a black mamba's poison
             ... on level 2 of the Lair of Beasts.
             The game lasted 00:30:38 (13534 turns).

marklar909 the Basher (Palentonga Fighter)         Turns: 13534, Time: 00:30:38

Health: -1/93      AC: 24    Str: 20    XL:     11   Next: 44%
Magic:  14/14      EV:  5    Int:  9    God:    Makhleb [***...]
Gold:   329        SH:  5    Dex: 12    Spells: 10/10 levels left

rFire   . . .      SeeInvis +   B - +3 morningstar
rCold   . . .      Faith    .   c - +0 buckler
rNeg    . . .      Spirit   .   k - +3 chain mail {Will+}
rPois   .          Reflect  .   (no helmet)
rElec   .          Harm     .   s - +0 cloak
rCorr   +          Rampage  .   (no gloves)
Will    +....                   q - +1 barding {Stlth+}
Stlth   ..........              (no amulet)
HPRegen 0.25/turn               o - +4 ring of protection
MPRegen 0.14/turn               w - ring of resist corrosion

@: lethally poisoned (-1 -> -16), attractive
A: large, rugged brown scales 3, see invisible, deformed body, roll 1, armoured
tail, reflexive curl
a: Rolling Charge, Renounce Religion, Minor Destruction, Lesser Servant of
Makhleb


You were on level 2 of the Lair of Beasts.
You worshipped Makhleb.
Makhleb was most pleased with you.
You visited 3 branches of the dungeon, and saw 12 of its levels.

You collected 594 gold pieces.
You spent 265 gold pieces at shops.

Inventory:

Hand Weapons
 y - a +0 mace of protection
 B - a +3 morningstar (weapon)
Missiles
 a - 5 atropa-tipped darts
 b - 2 throwing nets (quivered)
 h - 245 stones
 l - 6 javelins
Armour
 c - a +0 buckler (worn)
 k - a +3 chain mail of willpower (worn)
 p - +0 acid dragon scales
 q - a +1 barding of stealth (worn)
 r - a +3 leather armour of fire resistance
 s - a +0 cloak (worn)
Jewellery
 e - a ring of flight
 f - a ring of wizardry
 o - a +4 ring of protection (left hand)
 w - a ring of resist corrosion (right hand)
 x - the ring "Mauvvy Junoj" {rN+ Will- Int+5 SInv}
   (You found it on level 6 of the Dungeon)

   [ring of see invisible]

   Int:       It affects your intelligence (+5).
   rN:        It protects you from negative energy.
   SInv:      It lets you see invisible.
   Will:      It decreases your willpower.
Scrolls
 i - 3 scrolls of teleportation
Potions
 d - 2 potions of mutation
 g - 2 potions of attraction
 j - 2 potions of flight
 m - 3 potions of magic
 n - a potion of resistance {unknown}
 u - 2 potions of lignification {unknown}
 A - a potion of heal wounds {unknown}


   Skills:
 * Level 8.9 Fighting
 + Level 10.2 Maces & Flails
 + Level 4.1 Throwing
 * Level 6.9 Armour
 + Level 4.1 Dodging
 + Level 1.5 Stealth
 + Level 4.1 Shields
 * Level 5.1 Invocations
 + Level 1.5 Evocations


You had 10 spell levels left.
You didn't know any spells.
Your spell library contained the following spells:

 Spells                   Type           Power      Damage    Failure   Level
 Animate Skeleton         Necr           0%         N/A       98%         1
 Pain                     Necr           0%         1d4       98%         1
 Corpse Rot               Necr/Air       0%         N/A       99%         2
 Scorch                   Fire           0%         2d5       99%         2
 Slow                     Hex            0%         N/A       99%         2
 Confusing Touch          Hex            0%         N/A       100%        3
 Inner Flame              Hex/Fire       0%         N/A       100%        3
 Vampiric Draining        Necr           0%         2d6       100%        3
 Cause Fear               Hex            0%         N/A       100%        4
 Dispel Undead            Necr           0%         3d6       100%        4
 Flame Wave               Conj/Fire      0%         3d3       100%        4
 Passage of Golubria      Tloc           0%         N/A       100%        4
 Silence                  Hex/Air        0%         N/A       100%        5
 Yara's Violent Unravell  Hex/Tmut       0%         3d3       100%        5
 Death Channel            Necr           0%         N/A       100%        6
 Summon Cactus Giant      Summ           0%         N/A       100%        6
 Discord                  Hex            0%         N/A       100%        8
 Lehudib's Crystal Spear  Conj/Erth      0%         10d2      100%        8


Dungeon Overview and Level Annotations

Branches:
Dungeon (9/15)             Temple (1/1) D:4            Lair (1/6) D:9
    Orc (0/2) D:9

Altars:
Ashenzari
Cheibriados
Dithmenos
Elyvilon
Fedhas
Gozag
Hepliaklqana
Kikubaaqudgha
Makhleb
Nemelex Xobeh
Okawaru
Qazlal
Ru
Sif Muna
Trog
Uskayaw
Vehumet
Xom
Yredelemnul
Zin
The Shining One

Shops:
D:5 [

Annotations:
D:5 1 runed translucent door


Innate Abilities, Weirdness & Mutations

You are completely covered in rugged brown scales. (AC +3, +7% HP)
You have supernaturally acute eyesight. (SInv)
Armour fits poorly on your strangely shaped body.
You can roll at nearby foes to attack.
You have a long armoured tail.
You curl defensively after being hit.


Message History

The black mamba bites you but does no damage.
The black mamba bites you.
* * * LOW HITPOINT WARNING * * *
The black bear bites your orange demon.
The black bear claws your orange demon but does no damage.
The black bear claws your orange demon.
Your ynoxinul gestures.
Your orange demon stings the black bear!
Your orange demon hits the black bear but does no damage.
Your ufetubus closely misses the black bear.
Your ufetubus hits the black bear but does no damage.
The black bear bites your orange demon.
The black bear claws your orange demon. x2
Your ufetubus hits the black mamba.
Your ufetubus barely misses the black mamba.
The black mamba bites you but does no damage.
Your ufetubus hits the black bear.
Your ufetubus hits the black bear but does no damage.
Your orange demon stings the black bear.
The black bear looks as sick as possible!
Your orange demon poisons the black bear!
Your orange demon closely misses the black bear.
You feel better.
The black bear dies!
Makhleb accepts your kill. The black mamba bites you!
* * * LOW HITPOINT WARNING * * *
You are lethally poisoned!
The black mamba poisons you!
Your ufetubus barely misses the black mamba.
Your ufetubus completely misses the black mamba.
You block the black mamba's attack.
Your orange demon stings the black mamba from afar!
The black mamba dies!
Makhleb accepts your kill.
Your Invocations skill increases to level 5!
Unknown command.
Okay, then.
It was a potion of attraction.
You feel attractive to monsters.
You die...

########
##$35...##
##545.@...#
##55######..#
#5.##.≈≈.## .# .#
##5##≈....≈## ##.
#..#.$#[.#..#^^..
#..#..#>P#).#h.#
##.##≈§§FS≈##.#
#S†##§≈4.##..#
##h.###.##?.#


You could see a friendly orange demon (summoned), a friendly ynoxinul (summoned)
and 5 friendly ufetubi.

Vanquished Creatures
  Harold (D:7)
  A centaur warrior (D:9)
  Erica (D:8)
  Maggie (D:8)
  A gargoyle (D:9)
  A blink frog (Lair:2)
  A shadow (D:9)
  Sigmund (D:2)
  8 yaks
  A steam dragon (D:9)
  3 wargs (D:9)
  Duvessa (D:4)
  3 water moccasins
  3 orc warriors
  A sky beast (D:6)
  Purgy (D:3)
  2 ice beasts (D:6)
  A black bear (D:7)
  3 necrophages
  3 wolves (Lair:1)
  2 ogres
  4 phantoms
  2 kobold brigands
  5 bullfrogs
  Blork the orc (D:5)
  2 gnoll sergeants
  A scorpion (D:4)
  Dowan (D:4)
  3 jellies
  2 troll zombies (D:9)
  A killer bee (D:7)
  8 wights (D:8)
  A howler monkey (D:7)
  4 centaur zombies
  6 orc priests
  4 hounds
  Crazy Yiuf (D:4)
  2 bullfrog skeletons (D:6)
  4 centaur skeletons
  Ijyb (D:4)
  5 iguanas
  Natasha (thrice) (D:3)
  9 orc wizards
  6 ogre zombies (D:9)
  2 howler monkey zombies
  12 gnolls
  8 adders
  2 white imps
  2 ufetubi
  2 worms (D:3)
  8 dart slugs
  34 orcs
  6 bats
  13 endoplasms
  2 giant cockroaches
  7 goblins
  8 hobgoblins
  21 kobolds
  11 quokkas
  9 ball pythons
  2 frilled lizards
  2 goblin skeletons (D:9)
  4 hobgoblin zombies (D:9)
  A jackal skeleton (D:5)
  A kobold skeleton (D:5)
  A kobold zombie (D:5)
  3 orc skeletons (D:9)
  16 orc zombies (D:9)
  4 rats
297 creatures vanquished.

Vanquished Creatures (collateral kills)
  A death yak (Lair:2)
  A black mamba (Lair:2)
  A komodo dragon (Lair:2)
  2 water moccasins (Lair:2)
  A black bear (Lair:2)
  A bullfrog (Lair:2)
7 creatures vanquished.

Vanquished Creatures (others)
  A kobold (D:8)
  3 plants
  5 toadstools (D:4)
9 creatures vanquished.

Grand Total: 313 creatures vanquished

Notes
Turn   | Place    | Note
-------+----------+-------------------------------------------
     0 | D:1      | marklar909 the Palentonga Fighter began the quest for the
                  | Orb.
     0 | D:1      | Reached XP level 1. HP: 19/19 MP: 1/1
    24 | D:1      | Reached XP level 2. HP: 25/25 MP: 2/2
   570 | D:1      | Reached XP level 3. HP: 27/31 MP: 3/3
  1650 | D:2      | Reached XP level 4. HP: 38/38 MP: 4/4
  1768 | D:2      | Found a faded altar of an unknown god.
  1816 | D:2      | Found a snail-covered altar of Cheibriados.
  1816 | D:2      | Noticed Sigmund
  1829 | D:2      | Killed Sigmund
  1830 | D:2      | Reached skill level 3 in Maces & Flails
  1830 | D:2      | Reached skill level 1 in Throwing
  1830 | D:2      | Reached XP level 5. HP: 29/44 MP: 5/5
  2366 | D:3      | Reached XP level 6. HP: 32/51 MP: 6/6
  2658 | D:3      | Noticed Natasha
  2660 | D:3      | Reached skill level 1 in Dodging
  2667 | D:3      | Killed Natasha
  2703 | D:3      | Noticed Natasha
  2713 | D:3      | Killed Natasha
  2714 | D:3      | Reached skill level 4 in Maces & Flails
  3001 | D:3      | Noticed Natasha
  3012 | D:3      | Killed Natasha
  4041 | D:4      | Found a staircase to the Ecumenical Temple.
  4134 | D:4      | Noticed Duvessa
  4134 | D:4      | Noticed Dowan
  4137 | D:4      | Noticed Purgy
  4146 | D:4      | Killed Duvessa
  4147 | D:4      | Gained mutation: You curl defensively after being hit.
                  | [Palentonga growth]
  4147 | D:4      | Reached XP level 7. HP: 19/56 MP: 7/7
  4241 | D:3      | Killed Purgy
  4544 | D:4      | Killed Dowan
  4731 | D:4      | Noticed Ijyb
  4748 | D:4      | Killed Ijyb
  4749 | D:4      | Reached skill level 5 in Maces & Flails
  5082 | D:4      | Reached XP level 8. HP: 62/65 MP: 8/8
  5416 | D:4      | Found a shadowy altar of Dithmenos.
  5421 | D:4      | Found a blossoming altar of Fedhas.
  5640 | D:4      | Found a runed translucent door.
  5641 | D:4      | Noticed Crazy Yiuf
  5706 | D:4      | Killed Crazy Yiuf
  5779 | D:5      | Entered Level 5 of the Dungeon
  5819 | D:5      | Found Nilyw's Armour Shoppe.
  6002 | D:5      | Reached skill level 5 in Fighting
  6153 | D:5      | Found a runed translucent door.
  6156 | D:5      | Found a basalt altar of Yredelemnul.
  6361 | D:5      | Noticed Blork the orc
  6367 | D:5      | Killed Blork the orc
  6440 | D:5      | Reached skill level 6 in Maces & Flails
  6919 | Temple   | Entered the Ecumenical Temple
  7047 | Temple   | Became a worshipper of Makhleb the Destroyer
  7214 | D:6      | Reached XP level 9. HP: 71/73 MP: 9/9
  7271 | D:6      | Reached skill level 5 in Armour
  7327 | D:6      | Identified the ring "Mauvvy Junoj" {rN+ Will- Int+5 SInv}
  7792 | D:6      | Reached skill level 7 in Maces & Flails
  7792 | D:6      | Reached skill level 1 in Evocations
  7956 | D:6      | Reached skill level 1 in Stealth
  8019 | D:6      | Reached * piety under Makhleb
  8208 | D:6      | You fall into a shaft and drop 2 floors!
  8627 | D:7      | Reached skill level 1 in Invocations
  9005 | D:7      | Noticed Harold
  9013 | D:7      | Killed Harold
  9014 | D:7      | Reached skill level 8 in Maces & Flails
  9014 | D:7      | Reached XP level 10. HP: 39/84 MP: 9/11
 10047 | D:5      | Bought a +3 chain mail of willpower for 265 gold pieces
 10150 | D:8      | Reached ** piety under Makhleb
 10447 | D:8      | Identified a scroll of acquirement
 10447 | D:8      | Acquired a +0 barding of stealth
 10779 | D:8      | Noticed Maggie
 10810 | D:8      | Killed Maggie
 11252 | D:8      | Noticed Erica
 11267 | D:8      | Killed Erica
 11718 | D:9      | Reached skill level 9 in Maces & Flails
 11978 | D:9      | Found a staircase to the Lair.
 11998 | D:9      | Found a staircase to the Orcish Mines.
 12291 | D:9      | Noticed a gargoyle
 12302 | D:9      | Killed a gargoyle
 12303 | D:9      | Reached XP level 11. HP: 73/93 MP: 13/13
 12477 | D:9      | Reached *** piety under Makhleb
 12651 | D:9      | Found an iron altar of Okawaru.
 13105 | D:9      | Noticed a centaur warrior
 13127 | D:9      | Killed a centaur warrior
 13289 | Lair:1   | Entered Level 1 of the Lair of Beasts
 13483 | Lair:1   | You fall into a shaft and drop 1 floor!
 13483 | Lair:2   | Noticed a death yak
 13502 | Lair:2   | Killed a death yak
 13516 | Lair:2   | Reached skill level 10 in Maces & Flails
 13533 | Lair:2   | HP: 3/93 [black mamba (10)]
 13534 | Lair:2   | Reached skill level 5 in Invocations
 13534 | Lair:2   | Succumbed to a black mamba's poison

Illustrated notes

Levels and vault maps discovered:
D:1:      dpeg_arrival_solitude, layout_rooms, hangedman_decor_lopped,
          minmay_quantized
D:2:      minmay_kobold_bridge, layout_rooms,
          shapermc_ecumenical_altar_notcrosses, basic_altar, uniq_sigmund
D:3:      layout_basic, cheibrodos_sewer_entry_drain, minivault_11, uniq_natasha
D:4:      layout_basic, mainiacjoe_overflow_divided_tiny,
          minmay_temple_entry_offerings, minmay_gold_behind_fungi,
          minmay_misc_feat_ornament, minivault_14, interstate_on_off,
          minmay_goblin_kobold_house, uniq_duvessa, uniq_purgy, uniq_ijyb,
          uniq_crazy_yiuf_cottage
D:5:      layout_loops_corners, dk_yredelemnul_ordeal, nicolae_take_the_stairs,
          minmay_misc_feat_alley, dk_noncrumbling_3, uniq_blork_the_orc
D:6:      minmay_chambers_of_threes, layout_loops_cross, grunt_decor_arrowhead,
          minmay_curled_crystal
D:7:      layout_basic, grunt_tough_drop, uniq_harold
D:8:      layout_cave_pools, uniq_maggie, uniq_erica
D:9:      layout_basic, kennysheep_mini, erik_lair_orcish_takeover,
          zombieorc2_lemuel
Temple:   minmay_crystal_spiral_temple
Lair:1:   layout_regular_city, portal_ice_cave_demonic_guard,
          minmay_shattered_shrine
Lair:2:   layout_cave_pods, elwin_shoals_entry_rooms,
          nicolae_lair_grove_arrangements, nzn_random_ring

Skill      XL: |  1  2  3  4  5  6  7  8  9 10 11 |
---------------+----------------------------------+-----
Maces & Flails | 3 4 5 6 8 9 10 | 10.2
Throwing       | 1 2 3 4 |  4.1
Armour         | 3 4 5 6 |  6.9
Shields        | 3 4 |  4.1
Dodging        | 1 2 3 4 |  4.1
Fighting       | 4 6 7 8 |  8.9
Evocations     | 1 |  1.5
Stealth        | 1 |  1.5
Invocations    | 1 3 5 |  5.1

Action                   |  1- 3 |  4- 6 |  7- 9 | 10-12 || total
-------------------------+-------+-------+-------+-------++-------
Melee: Flail             |   101 |   134 |   220 |    33 ||   488
       Tailslap          |    12 |    16 |    55 |    59 ||   142
       Mace              |       |       |    57 |       ||    57
       Club              |       |       |    51 |       ||    51
       Morningstar       |       |       |    28 |   316 ||   344
Throw: Javelin           |    14 |     8 |     9 |    21 ||    52
       Stone             |    27 |   106 |   143 |    53 ||   329
       Dart              |       |       |    19 |     7 ||    26
       Throwing net      |       |       |       |     4 ||     4
Invok: Minor Destruction |       |       |       |    11 ||    11
       Lesser Servant of |       |       |       |     5 ||     5
 Abil: Rolling Charge    |     4 |       |     1 |     1 ||     6
Evoke: Wand              |       |       |    15 |     8 ||    23
  Use: Potion            |       |     2 |       |     6 ||     8
       Scroll            |       |     1 |     9 |     7 ||    17
 Stab: Invisible         |       |       |     1 |       ||     1
       Sleeping          |       |       |     2 |       ||     2
       Distracted        |       |       |     1 |       ||     1
       Held in net/web   |       |       |       |     1 ||     1
Armor: Scale mail        |    65 |    53 |    26 |       ||   144
       Troll leather arm |       |       |   177 |       ||   177
       Leather armour    |       |       |     1 |    74 ||    75
       Chain mail        |       |       |       |   189 ||   189
Dodge: Dodged            |    53 |    53 |   156 |   114 ||   376
Block: Buckler           |    28 |    27 |    74 |    85 ||   214

Table legend: (Time is in decaauts)
 A = Elapsed time spent in this place.
 B = Non-inter-level travel time spent in this place.
 C = Inter-level travel time spent in this place.
 D = Time resting spent in this place.
 E = Time spent auto-exploring this place.
 F = Levels seen in this place.
 G = Mean time per level.
                   A        B        C        D        E       F      G
               +--------+--------+--------+--------+--------+-----+--------+
         Total |  13652 |  12740 |    912 |   1152 |   8964 |  12 | 1137.7 |
       Dungeon |  13194 |  12368 |    826 |   1152 |   8692 |   9 | 1466.0 |
        Temple |    213 |    128 |     85 |      0 |    111 |   1 |  213.0 |
          Lair |    244 |    244 |      0 |      0 |    161 |   2 |  122.0 |
               +--------+--------+--------+--------+--------+-----+--------+

Top non-repeatable levels by time:
     D:3: 1996 daAuts
     D:8: 1876 daAuts
     D:4: 1845 daAuts
     D:7: 1609 daAuts
     D:1: 1504 daAuts
     D:9: 1435 daAuts
     D:5: 1196 daAuts
     D:6: 967 daAuts
     D:2: 763 daAuts
  Temple: 213 daAuts
  Lair:1: 193 daAuts
  Lair:2: 50 daAuts
